 Dungeon Crawl Stone Soup version 0.31-a0-986-g5e6e4ef867 (webtiles) character file.

Game seed: 14895066360905633132

56319 Xavori the Carver (level 15, -6/119 HPs)
             Began as a Djinni Chaos Knight on Nov 25, 2023.
             Was a Plaything of Xom.
             Mangled by a spectral orc warlord
             ... wielding a +1 great sword of electrocution
             ... summoned by Nergalle
              (19 damage)
             ... on level 2 of the Orcish Mines.
             The game lasted 00:29:26 (24496 turns).

Xavori the Carver (Djinni Chaos Knight)            Turns: 24496, Time: 00:29:27

Health: -6/119     AC: 16    Str:  8 (9)  XL:     15   Next: 21%
Gold:   1449       EV: 22    Int: 22      God:    Xom [....*.] SH:  0 Dex: 15 (16)

rFire   + + +        N - +10 scimitar "Lixiurph" {flame, rC++ rN+}
rCold   + + +        (no shield)
rNeg    + + +        b - +2 troll leather armour {Snorg}
rPois   ∞            L - +1 hat "Acivvom" {Fly rC++}
rElec   +            O - +0 cloak
rCorr   .            R - +0 pair of gloves "Uxter Jau" {rN++ SInv}
SInv    +            (boots unavailable)
Will    .....        V - amulet of regeneration
Stlth   +            m - +5 ring of evasion
HPRegen 1.99/turn    n - +4 ring of slaying
MPRegen 0.00/turn

%: infuse magic (-7 HP)
@: weak-willed, flying
A: sickness immunity, fire resistance 3, cold vulnerability 1, float, innate
caster, HP casting, extra vitality 1, horns 1, iridescent scales 3, clever 2,
clumsy 1, robust 1, electricity resistance, wild magic 3, evolution 1, inability
to read after injury 1
a: Renounce Religion


You were on level 2 of the Orcish Mines.
You worshipped Xom.
You were a beloved toy of Xom.
You visited 3 branches of the dungeon, and saw 18 of its levels.
You also visited: Sewer and Volcano.

You collected 1449 gold pieces.

Inventory:

Hand Weapons
 a - a +5 long sword of freezing
 N - the +10 scimitar "Lixiurph" (weapon) {flame, rC++ rN+}
   (You acquired it on level 10 of the Dungeon)

   rC++:      It greatly protects you from cold.
   rN+:       It protects you from negative energy.
Armour
 b - a +2 troll leather armour (worn) {Snorg}
 L - the +1 hat "Acivvom" (worn) {Fly rC++}
   (You acquired it on level 10 of the Dungeon)

   rC++:      It greatly protects you from cold.
   Fly:       It grants you flight.
 O - a +0 cloak (worn)
 R - the +0 pair of gloves "Uxter Jau" (worn) {rN++ SInv}
   (You acquired it on level 10 of the Dungeon)

   rN++:      It greatly protects you from negative energy.
   SInv:      It lets you see invisible.
 Z - a +4 scale mail
Jewellery
 m - a +5 ring of evasion (left hand)
 n - a +4 ring of slaying (right hand)
 Q - a ring of protection from cold
 V - an amulet of regeneration (around neck)
 W - a ring of ice
Wands
 w - a wand of paralysis (10)
 G - a wand of light (9)
 H - a wand of iceblast (11)
 M - a wand of flame (64)
 U - a wand of polymorph (7)
 Y - a wand of mindburst (9)
Scrolls
 c - 2 scrolls of butterflies
 d - 2 scrolls of torment {unknown}
 e - 8 scrolls of teleportation
 g - 3 scrolls of fog
 h - 3 scrolls of enchant armour
 i - a scroll of immolation {unknown}
 l - 5 scrolls of blinking {unknown}
 o - 2 scrolls of poison
 q - 3 scrolls of enchant weapon
 u - 2 scrolls of noise {unknown}
 y - 2 scrolls of silence {unknown}
 E - a scroll of brand weapon
 F - a scroll of amnesia {unknown}
 T - a scroll of revelation
Potions
 f - 3 potions of attraction
 j - 4 potions of degeneration
 k - a potion of berserk rage
 p - 4 potions of might
 r - a potion of haste {unknown}
 t - 8 potions of curing {unknown}
 v - 3 potions of mutation {unknown}
 A - 2 potions of enlightenment
 B - 2 potions of lignification
 K - 2 potions of brilliance {unknown}
 P - a potion of invisibility {unknown}
 S - a potion of experience {unknown}


   Skills:
 + Level 10.8 Fighting
 * Level 11.6 Long Blades
 + Level 10.3 Armour
 + Level 11.4 Dodging
 * Level 10.0 Spellcasting
 * Level 10.0 Conjurations
 * Level 10.0 Hexes
 * Level 10.0 Summonings
 * Level 10.0 Necromancy
 * Level 10.0 Translocations
 * Level 10.0 Transmutations
 * Level 10.0 Fire Magic
 * Level 10.0 Ice Magic
 * Level 10.0 Air Magic
 * Level 10.0 Earth Magic
 * Level 10.0 Poison Magic
 - Level 5.8 Evocations


You knew the following spells:

 Your Spells              Type           Power      Damage    Failure   Level
a - Foxfire               Conj/Fire      100%       2x1d9     2%          1
b - Momentum Strike       Conj/Tloc      100%       3d10      3%          2
c - Gell's Gravitas       Tloc           81%        N/A       4%          3
d - Manifold Assault      Tloc           81%        N/A       8%          4
e - Animate Armour        Summ/Erth      100%       N/A       8%          4
f - Alistair's Intoxicat  Tmut/Pois      54%        N/A       14%         5
g - Death Channel         Necr           40%        N/A       45%         6
Your spell library was empty.

Dungeon Overview and Level Annotations

Branches:
Dungeon (11/15)            Temple (0/1) D:4            Lair (5/5) D:9
 Shoals (0/4) Lair:3       Spider (0/4) Lair:2        Slime (0/5) Lair:4
    Orc (2/2) D:11          Sewer (visited)         Volcano (visited)
    Elf: Orc:2

Altars:
Ashenzari
Cheibriados
Dithmenos
Elyvilon
Fedhas
Gozag
Hepliaklqana
Makhleb
Nemelex Xobeh
Okawaru
Qazlal
Trog
Xom
Yredelemnul
The Shining One
Lugonu

Portals:
Abyss: Lair:5*

Annotations:
D:4 3 runed translucent doors, Jeffwins's ghost, amateur DrSh
Lair:5 2 transporters, Woat's ghost, journeyman DrFE
Orc:2 Nergalle


Innate Abilities, Weirdness & Mutations

You are immune to sickness and miasma.
You are immune to poison.
Your flesh is almost immune to the effects of heat. (rF+++)
You are vulnerable to cold. (rC-)
You float through the air rather than walking.
You learn spells naturally, not from books.
Your magical power is your life essence.
You have superior vitality. (+4 MHP)
You have a pair of small horns on your head.
You are completely covered in iridescent scales. (AC +6)
Your mind is very acute. (Int +8, Str/Dex -2)
You are clumsy. (Dex -2)
You are robust. (+10% HP)
You are resistant to electric shocks. (rElec)
Your spells are much harder to cast, but much more powerful.
You have hidden genetic potential.
You occasionally lose the ability to read scrolls when taking damage.


Message History

The spectral orc warlord completely misses you.
Nergalle points at you and mumbles some strange words.
The bolt of negative energy misses you.
The bolt of negative energy hits the spectral orc warlord.
The spectral orc warlord completely resists.
The spectral orc warrior completely misses you.
You hit Nergalle. You burn Nergalle.
Nergalle is moderately wounded.
The orc warrior barely misses you.
The spectral orc warlord barely misses you.
The spectral orc warlord hits you with a +2 great sword of distortion!
Space warps horribly around you! Nergalle barely misses you.
The spectral orc warrior hits you with a +0 dire flail.
As you read the scroll of fear, it crumbles to dust.
You assume a fearsome visage.
The spectral orc warrior is unaffected.
The orc warrior looks frightened!
Nergalle looks frightened!
The spectral orc warlord is unaffected. x2
The spectral orc warlord hits you with a +1 great sword of electrocution!!
* * * LOW HITPOINT WARNING * * *
The spectral orc warlord misses you. The spectral orc warrior misses you.
The spectral orc warlord attacks as it pursues you!
The spectral orc warlord hits you with a +1 great sword of electrocution!!
* * * LOW HITPOINT WARNING * * *
The spectral orc warlord barely misses you.
Items here: )) [ †.
You feel much better.
The spectral orc warlord hits you with a +1 great sword of electrocution!!
* * * LOW HITPOINT WARNING * * *
The spectral orc warlord completely misses you.
Okay, then.
Okay, then.
As you read the scroll labelled PUN QONAMO, it crumbles to dust.
Your attack snaps the orc warrior out of its fear.
Your attack snaps Nergalle out of her fear.
Magic quickly surges around you.
It was a scroll of vulnerability.
Nergalle no longer looks unusually strong.
The spectral orc warrior completely misses you.
The spectral orc warlord hits you with a +1 great sword of electrocution!!
You die...
Xom chuckles heartily!

#########################
...#.#........#.........#.#
...........................
..............†)...........
...........................
...........................
.................Z.........
................@Z.........
.................Z)........
..................)........
... ......................
.. ##..#...o.#..####
####o....#### #8...8#
#.....# #.....#


You could see Nergalle (weak-willed), a spectral orc warrior (summoned), 2
spectral orc warlords and an orc warrior (strong, weak-willed).

Vanquished Creatures
  Snorg (D:11)
  A hydra (Lair:4)
  A boulder beetle (Lair:5)
  6 death yaks (Lair:5)
  3 thrashing horrors (Lair:5)
  2 skysharks
  A hell knight (Volcano)
  A salamander mystic (Volcano)
  An obsidian statue (Volcano)
  2 lindwurms
  An orc knight (Orc:2)
  An orc sorcerer (Orc:2)
  2 salamanders (Volcano)
  3 ugly things (Lair:5)
  6 black mambas
  A gargoyle (D:9)
  Joseph (D:8)
  8 cane toads
  3 elephants
  A smoke demon (Lair:5)
  8 komodo dragons
  Psyche (D:10)
  2 rime drakes
  A hornet (D:8)
  2 polar bears
  3 trolls
  19 blink frogs
  A raiju (Lair:5)
  Grinder (D:5)
  9 dream sheep
  2 jumping spiders (Lair:2)
  A snapping turtle (shapeshifter) (Lair:5)
  2 spriggans (Lair:5)
  2 shadows (D:11)
  Sigmund (D:2)
  4 wyverns
  3 wraiths
  35 yaks
  7 basilisks
  2 ynoxinuls (Lair:5)
  6 fire bats (Volcano)
  2 redbacks (Lair:2)
  A basilisk (shapeshifter) (Lair:5)
  2 steam dragons
  3 vampire mosquitoes (D:11)
  2 chaos spawn (Lair:5)
  3 large abominations (Lair:5)
  Edmund (D:5)
  3 wargs
  22 water moccasins
  A black bear (D:6)
  11 orc warriors
  6 ogres
  6 centaurs
  11 small abominations (Lair:5)
  21 wolves
  2 ice beasts
  A lemure (D:9)
  2 phantoms
  3 kobold brigands
  A gnoll sergeant (D:8)
  18 bullfrogs
  4 scorpions
  9 wights
  3 killer bees (D:7)
  3 howler monkeys
  4 electric eels
  7 lava snakes (Volcano)
  11 hounds
  3 jellies
  14 orc priests
  4 sleepcaps
  A gnoll bouda (D:6)
  2 iguanas (D:4)
  14 orc wizards
  14 hell rats
  11 adders
  7 gnolls
  3 river rats (Sewer)
  A shadow imp (D:5)
  A white imp (D:7)
  4 ufetubi
  6 worms
  66 orcs
  4 bats
  10 endoplasms
  10 giant cockroaches
  4 goblins
  7 hobgoblins
  4 jackals (D:2)
  2 quokkas
  11 ball pythons
  12 frilled lizards
  17 kobolds
  20 rats
573 creatures vanquished.

Vanquished Creatures (collateral kills)
  A two-headed ogre (D:9)
  2 death yaks (Lair:5)
  Pikel (D:9)
  3 elephants
  2 trolls
  2 yaks (Lair:5)
  A water moccasin (Lair:3)
  An ogre (D:4)
  2 lemures (D:9)
  A kobold brigand (D:9)
  A hound (D:5)
  An orc priest (D:7)
  An orc wizard (D:9)
  5 orcs
  4 kobolds
28 creatures vanquished.

Vanquished Creatures (others)
  A dream sheep (Lair:3)
  3 yaks
  A wolf (D:10)
  An electric eel (Lair:3)
  An orc wizard (D:11)
  4 orcs (D:6)
  A rat zombie (Sewer)
  A foxfire (D:9)
13 creatures vanquished.

Grand Total: 614 creatures vanquished

Notes
Turn   | Place    | Note
-------+----------+-------------------------------------------
     0 | D:1      | Xavori the Djinni Chaos Knight began the quest for the Orb.
     0 | D:1      | Reached XP level 1. HP: 20/20 MP: 0/0
   143 | D:1      | Reached XP level 2. HP: 25/25 MP: 0/0
   311 | D:1      | XOM: silly message
   314 | D:1      | Reached XP level 3. HP: 30/30 MP: 0/0
   314 | D:1      | Learned a level 1 spell: Foxfire
   345 | D:1      | XOM: cloud trail
   494 | D:1      | Found a faded altar of an unknown god.
  1776 | D:1      | XOM: silly message
  2274 | D:1      | XOM: give mutations
  2274 | D:1      | Gained mutation: You occasionally lose the ability to drink
                  | potions when taking damage. [Xom's mischief]
  2274 | D:1      | Gained mutation: You possess an exceptional clarity of
                  | mind. [Xom's mischief]
  2274 | D:1      | Gained mutation: You are partially covered in large bone
                  | plates. (SH +4) [Xom's mischief]
  2274 | D:1      | Gained mutation: You are clumsy. (Dex -2) [Xom's mischief]
  2294 | D:1      | XOM: give mutations
  2294 | D:1      | Gained mutation: Your flesh is almost immune to the effects
                  | of heat. (rF+++) [Xom's mischief]
  2294 | D:1      | Gained mutation: Your spells are a little harder to cast,
                  | but a little more powerful. [Xom's mischief]
  2413 | D:1      | XOM: noise
  2969 | D:1      | XOM: noise
  4115 | D:1      | XOM: silly message
  4139 | D:1      | XOM: silly message
  4761 | D:1      | XOM: divination: detect creatures
  4866 | D:1      | XOM: silly message
  5537 | D:1      | XOM: give mutations
  5537 | D:1      | Gained mutation: You are partially covered in iridescent
                  | scales. (AC +2) [Xom's grace]
  5537 | D:1      | Gained mutation: You expend health (3 HP) to strengthen
                  | your wands. [Xom's grace]
  5537 | D:1      | Gained mutation: You are mostly covered in iridescent
                  | scales. (AC +4) [Xom's grace]
  5656 | D:2      | XOM: give mutations
  5656 | D:2      | Gained mutation: You have supernaturally acute eyesight.
                  | (SInv) [Xom's mischief]
  5656 | D:2      | Lost mutation: You are mostly covered in iridescent scales.
                  | (AC +4) [Xom's mischief]
  5656 | D:2      | Lost mutation: You possess an exceptional clarity of mind.
                  | [Xom's mischief]
  5656 | D:2      | Gained mutation: You occasionally lose the ability to read
                  | scrolls when taking damage. [Xom's mischief]
  5661 | D:2      | Reached skill level 1 in Spellcasting
  5661 | D:2      | Reached skill level 1 in Conjurations
  5661 | D:2      | Reached skill level 1 in Hexes
  5661 | D:2      | Reached skill level 1 in Summonings
  5661 | D:2      | Reached skill level 1 in Necromancy
  5661 | D:2      | Reached skill level 1 in Translocations
  5661 | D:2      | Reached skill level 1 in Transmutations
  5661 | D:2      | Reached skill level 1 in Fire Magic
  5661 | D:2      | Reached skill level 1 in Ice Magic
  5661 | D:2      | Reached skill level 1 in Air Magic
  5661 | D:2      | Reached skill level 1 in Earth Magic
  5661 | D:2      | Reached skill level 1 in Poison Magic
  5744 | D:2      | XOM: confusion (+ monsters)
  5845 | D:2      | XOM: draining
  5940 | D:2      | XOM: confusion (+ monsters)
  5942 | D:2      | XOM: fake destruction
  5951 | D:2      | Reached XP level 4. HP: 27/32 MP: 0/0
  6260 | D:2      | Noticed Sigmund
  6260 | D:2      | XOM: cast spell 'Metabolic Englaciation'
  6267 | D:2      | XOM: confusion (+ monsters)
  6280 | D:2      | Killed Sigmund
  6281 | D:2      | Reached XP level 5. HP: 28/41 MP: 0/0
  6281 | D:2      | Learned a level 2 spell: Momentum Strike
  6281 | D:2      | Reached XP level 6. HP: 32/47 MP: 0/0
  6447 | D:2      | XOM: noise
  6454 | D:2      | XOM: give mutations
  6454 | D:2      | Gained mutation: You are somewhat resistant to further
                  | mutation. [Xom's mischief]
  6454 | D:2      | Lost mutation: You occasionally lose the ability to drink
                  | potions when taking damage. [Xom's mischief]
  6454 | D:2      | Gained mutation: You are frail. (-10% HP) [Xom's mischief]
  6454 | D:2      | Lost mutation: You have supernaturally acute eyesight.
                  | (SInv) [Xom's mischief]
  6577 | D:3      | XOM: scenery: create altars
  6699 | D:3      | XOM: 4-stop teleportation journey
  6929 | D:3      | XOM: silly message
  7025 | D:3      | XOM: stat loss: -1 Str (10/11)
  7087 | D:3      | XOM: stat loss: -1 Int (13/14)
  7130 | D:3      | XOM: 12-stop teleportation journey
  7350 | D:4      | XOM: enchant monster (good)
  7384 | D:4      | Found a staircase to the Ecumenical Temple.
  7409 | D:4      | Reached XP level 7. HP: 38/46 MP: 0/0
  7409 | D:4      | Learned a level 3 spell: Gell's Gravitas
  7412 | D:4      | XOM: 1-stop teleportation journey
  7427 | D:4      | XOM: butterfly on damage
  7591 | D:4      | XOM: summons 6 friendly demons
  7894 | D:4      | Found a runed translucent gate.
  7895 | D:4      | Noticed Jeffwins's ghost (amateur DrSh)
  7897 | D:4      | Found a runed translucent gate.
  7898 | D:4      | Found a runed translucent gate.
  8006 | D:4      | Found a white marble altar of Elyvilon.
  8050 | D:4      | Found a snail-covered altar of Cheibriados.
  8101 | D:5      | Entered Level 5 of the Dungeon
  8128 | D:5      | Noticed Edmund
  8142 | D:5      | XOM: summons 4 friendly demons
  8148 | D:5      | Killed Edmund
  8149 | D:5      | Reached XP level 8. HP: 24/52 MP: 0/0
  8149 | D:5      | XOM: 4-stop teleportation journey
  8157 | D:5      | XOM: silly message
  8225 | D:5      | Found a glowing drain.
  8240 | D:5      | XOM: potion effect (invisibility)
  8284 | Sewer    | Entered a sewer
  8412 | Sewer    | XOM: divination: magic mapping
  8467 | Sewer    | XOM: fog
  8492 | Sewer    | XOM: summons 5 hostile demons
  8749 | D:5      | Reached skill level 5 in Fighting
  8836 | D:5      | Identified the +2 ring mail "Xuoxkog" {Str+3 Int-3 Dex+5}
  8841 | D:5      | Reached skill level 5 in Dodging
  9127 | D:5      | Noticed Grinder
  9147 | D:5      | XOM: divination: detect creatures
  9149 | D:5      | XOM: noise
  9154 | D:5      | XOM: confusion (+ monsters)
  9156 | D:5      | XOM: summons 3 friendly demons
  9169 | D:5      | Killed Grinder
  9170 | D:5      | Reached XP level 9. HP: 41/58 MP: 0/0
  9170 | D:5      | Learned a level 4 spell: Manifold Assault
  9191 | D:5      | Reached skill level 5 in Long Blades
  9576 | D:6      | Found Usmof's Antique Weapon Shop.
  9586 | D:6      | Reached skill level 5 in Armour
  9729 | D:6      | Found a bloodstained altar of Trog.
  9810 | D:6      | Found an opulent altar of Gozag.
  9830 | D:6      | XOM: scenery: create altars
  9866 | D:6      | XOM: give mutations
  9866 | D:6      | Gained mutation: You have a pair of small horns on your
                  | head. [Xom's grace]
  9866 | D:6      | Gained mutation: Your spells are harder to cast, but more
                  | powerful. [Xom's grace]
  9866 | D:6      | Gained mutation: Your muscles are strong. (Str +4, Int/Dex
                  | -1) [Xom's grace]
 10011 | D:6      | XOM: destruction
 10054 | D:6      | Reached XP level 10. HP: 56/64 MP: 0/0
 10142 | D:6      | Found a hazy altar of Hepliaklqana.
 10146 | D:6      | Found a shadowy altar of Dithmenos.
 10161 | D:6      | Found a broken altar of Ashenzari.
 10163 | D:6      | Found a sparkling altar of Nemelex Xobeh.
 10196 | D:6      | Reached skill level 5 in Spellcasting
 10196 | D:6      | Reached skill level 5 in Conjurations
 10196 | D:6      | Reached skill level 5 in Hexes
 10196 | D:6      | Reached skill level 5 in Summonings
 10196 | D:6      | Reached skill level 5 in Necromancy
 10196 | D:6      | Reached skill level 5 in Translocations
 10196 | D:6      | Reached skill level 5 in Transmutations
 10196 | D:6      | Reached skill level 5 in Fire Magic
 10196 | D:6      | Reached skill level 5 in Ice Magic
 10196 | D:6      | Reached skill level 5 in Air Magic
 10196 | D:6      | Reached skill level 5 in Earth Magic
 10196 | D:6      | Reached skill level 5 in Poison Magic
 10198 | D:6      | XOM: polymorph orc -> gnoll
 10357 | D:6      | Found a basalt altar of Yredelemnul.
 10419 | D:6      | Identified the +4 sling of Untimely Demise {speed, Will+}
 10420 | D:6      | XOM: scenery: create altars
 10427 | D:6      | XOM: divination: detect creatures
 10439 | D:6      | Found a burning altar of Makhleb.
 10684 | D:6      | XOM: god gift: scroll labelled MOREMEYFUR {god gift}
 10778 | D:7      | XOM: summons 2 friendly demons
 10860 | D:7      | XOM: cast spell 'Summon Mana Viper'
 11144 | D:7      | XOM: summons 3 friendly demons
 11173 | D:7      | XOM: silly message
 11307 | D:7      | XOM: summons friendly crimson imp
 11532 | D:7      | XOM: destruction
 11613 | D:7      | Found an iron altar of Okawaru.
 11946 | D:8      | Identified the +3 chain mail of Tabiff {SInv}
 12026 | D:8      | XOM: 4-stop teleportation journey
 12223 | D:8      | XOM: give mutation
 12223 | D:8      | Gained mutation: Your spells are much harder to cast, but
                  | much more powerful. [Xom's grace]
 12346 | D:8      | Noticed Joseph
 12351 | D:8      | Killed Joseph
 12352 | D:8      | Reached XP level 11. HP: 61/71 MP: 0/0
 12352 | D:8      | Learned a level 4 spell: Animate Armour
 12659 | D:9      | Noticed a two-headed ogre
 12659 | D:9      | XOM: cleaving
 12664 | D:9      | Killed a two-headed ogre
 12711 | D:9      | Found a stormy altar of Qazlal.
 12718 | D:9      | Found a blossoming altar of Fedhas.
 12810 | D:9      | Noticed Pikel
 12817 | D:9      | Killed Pikel
 12959 | D:9      | XOM: scenery: summon butterflies
 12995 | D:9      | Found a staircase to the Lair.
 13001 | D:9      | XOM: scenery: create altars
 13206 | D:9      | XOM: 2-stop teleportation journey
 13299 | D:9      | XOM: scenery: create altars
 13336 | D:9      | XOM: give mutations
 13336 | D:9      | Lost mutation: You are frail. (-10% HP) [Xom's grace]
 13336 | D:9      | Gained mutation: Your mind is acute. (Int +4, Str/Dex -1)
                  | [Xom's grace]
 13438 | D:9      | XOM: give mutations
 13438 | D:9      | Lost mutation: You are somewhat resistant to further
                  | mutation. [Xom's grace]
 13438 | D:9      | Gained mutation: You have hidden genetic potential. [Xom's
                  | grace]
 13438 | D:9      | Lost mutation: You have hidden genetic potential. [Xom's
                  | grace]
 13438 | D:9      | Gained mutation: You are somewhat resistant to further
                  | mutation. [Xom's grace]
 13463 | D:9      | XOM: scenery: create altars
 13540 | D:10     | Entered Level 10 of the Dungeon
 13565 | D:10     | XOM: fog
 13566 | D:10     | Noticed Psyche
 13566 | D:10     | XOM: 6-stop teleportation journey
 13616 | D:10     | Found a glowing golden altar of the Shining One.
 13663 | D:10     | XOM: fake destruction
 13786 | D:10     | XOM: divination: detect items
 13816 | D:10     | XOM: summons friendly sixfirhy
 13985 | D:10     | XOM: cast spell 'Cause Fear'
 13992 | D:10     | XOM: summons 2 friendly demons
 14005 | D:10     | XOM: divination: detect items
 14139 | D:10     | XOM: chaos cloud
 14187 | D:10     | XOM: summons 6 hostile demons
 14394 | D:10     | Killed Psyche
 14633 | D:10     | Identified 3 scrolls of acquirement
 14634 | D:10     | Acquired the +1 hat "Acivvom" {Fly rC++}
 14641 | D:10     | Acquired the +0 pair of gloves "Uxter Jau" {rN++ SInv}
 14653 | D:10     | Acquired the +10 scimitar "Lixiurph" {flame, rC++ rN+}
 14711 | Lair:1   | Entered Level 1 of the Lair of Beasts
 14723 | Lair:1   | XOM: divination: magic mapping
 14739 | Lair:1   | XOM: polymorph wolf -> worm
 14761 | Lair:1   | Reached XP level 12. HP: 56/88 MP: 0/0
 14852 | Lair:1   | XOM: confusion
 14925 | Lair:1   | Found a dark tunnel.
 14944 | Volcano  | Entered a volcano
 14973 | Volcano  | Reached skill level 1 in Evocations
 15252 | Volcano  | Noticed a salamander mystic
 15257 | Volcano  | XOM: summons 2 friendly demons
 15258 | Volcano  | XOM: 2-stop teleportation journey
 15364 | Volcano  | XOM: summons friendly white imp
 15373 | Volcano  | Killed a salamander mystic
 15403 | Volcano  | XOM: swap monsters
 15405 | Volcano  | XOM: summons friendly crimson imp
 15408 | Volcano  | XOM: fog
 15414 | Volcano  | Noticed a hell knight
 15414 | Volcano  | XOM: enchant monster (good)
 15426 | Volcano  | Killed a hell knight
 15461 | Volcano  | XOM: cloud trail
 16000 | Lair:1   | XOM: summons 2 hostile demons
 16122 | Lair:1   | XOM: scenery: summon butterflies
 16122 | Lair:1   | XOM: smoke on damage
 16153 | Lair:1   | XOM: scenery: summon butterflies
 16343 | Lair:1   | XOM: god gift: scroll labelled VYVUDOENIN {god gift}
 16595 | Lair:1   | XOM: god gift: 2 stones
 16624 | Lair:2   | XOM: cast spell 'Summon Hydra'
 16719 | Lair:2   | XOM: 3-stop teleportation journey
 16783 | Lair:2   | Found a hole to the Spider Nest.
 16805 | Lair:2   | Reached XP level 13. HP: 84/94 MP: 0/0
 16805 | Lair:2   | Learned a level 5 spell: Alistair's Intoxication
 16867 | Lair:2   | XOM: polymorph basilisk -> ice beast
 16870 | Lair:2   | XOM: god gift: wand of mindburst (6)
 17196 | Lair:2   | XOM: divine lightning
 17197 | Lair:2   | XOM: confuse monster(s)
 17453 | Lair:2   | XOM: cloud trail
 17458 | Lair:2   | XOM: give mutations
 17458 | Lair:2   | Gained mutation: You are mostly covered in large bone
                  | plates. (SH +6) [Xom's grace]
 17458 | Lair:2   | Gained mutation: You possess an exceptional clarity of
                  | mind. [Xom's grace]
 17458 | Lair:2   | Gained mutation: You are mostly covered in iridescent
                  | scales. (AC +4) [Xom's grace]
 17458 | Lair:2   | Gained mutation: Your mind is very acute. (Int +8, Str/Dex
                  | -2) [Xom's grace]
 17562 | Lair:3   | XOM: destruction
 17581 | Lair:3   | XOM: summons 2 friendly demons
 17659 | Lair:3   | Reached skill level 10 in Dodging
 17970 | Lair:3   | XOM: swap monsters
 18012 | Lair:3   | XOM: 1-stop teleportation journey
 18026 | Lair:3   | XOM: swap monsters
 18191 | Lair:3   | Found a staircase to the Shoals.
 18678 | Lair:4   | XOM: noise
 18778 | Lair:4   | Found a staircase to the Slime Pits.
 18821 | Lair:4   | XOM: give mutations
 18821 | Lair:4   | Lost mutation: You are mostly covered in large bone plates.
                  | (SH +6) [Xom's mischief]
 18821 | Lair:4   | Lost mutation: You are partially covered in large bone
                  | plates. (SH +4) [Xom's mischief]
 18827 | Lair:4   | XOM: enchant monster (good)
 18832 | Lair:4   | XOM: 3-stop teleportation journey
 18886 | Lair:4   | Noticed a five-headed hydra
 18894 | Lair:4   | Killed a one-headed hydra
 18942 | Lair:4   | XOM: give mutations
 18942 | Lair:4   | Lost mutation: Your muscles are strong. (Str +4, Int/Dex
                  | -1) [Xom's mischief]
 18942 | Lair:4   | Lost mutation: You expend health (3 HP) to strengthen your
                  | wands. [Xom's mischief]
 18942 | Lair:4   | Lost mutation: You possess an exceptional clarity of mind.
                  | [Xom's mischief]
 18985 | Lair:4   | XOM: silly message
 19047 | Lair:4   | XOM: cast spell 'Cause Fear'
 19050 | Lair:4   | Reached skill level 10 in Long Blades
 19056 | Lair:4   | XOM: divination: detect creatures
 19062 | Lair:4   | XOM: potion effect (brilliance)
 19067 | Lair:4   | XOM: potion effect (invisibility)
 19078 | Lair:4   | XOM: summons 4 friendly demons
 19079 | Lair:4   | XOM: cast spell 'Cause Fear'
 19081 | Lair:4   | XOM: enchant monster (bad)
 19278 | Lair:4   | XOM: cloud trail
 19666 | Lair:5   | Entered Level 5 of the Lair of Beasts
 19678 | Lair:5   | XOM: potion effect (haste)
 19681 | Lair:5   | XOM: divination: magic mapping
 19686 | Lair:5   | XOM: silly message
 19688 | Lair:5   | XOM: cast spell 'Leda's Liquefaction'
 19690 | Lair:5   | XOM: summons 1 hostile shadow creature
 19819 | Lair:4   | Reached XP level 14. HP: 55/102 MP: 0/0
 20066 | Lair:5   | Reached skill level 5 in Evocations
 20227 | Lair:5   | XOM: snakes to sticks
 20230 | Lair:5   | XOM: polymorph death yak -> shapeshifter
 20237 | Lair:5   | XOM: cleaving
 20248 | Lair:5   | XOM: potion effect (berserk rage)
 20250 | Lair:5   | XOM: fake destruction
 20251 | Lair:5   | Reached skill level 10 in Fighting
 20257 | Lair:5   | XOM: fake destruction
 20276 | Lair:5   | XOM: divination: detect creatures
 20328 | Lair:5   | XOM: 3-stop teleportation journey
 20630 | Lair:5   | XOM is BORED!
 20651 | Lair:5   | XOM: cast spell 'Monstrous Menagerie'
 20794 | Lair:5   | XOM: summons 2 hostile shadow creatures
 20953 | Lair:5   | XOM: polymorph small abomination -> small abomination
 20970 | Lair:5   | XOM: fake destruction
 20974 | Lair:5   | XOM: cleaving
 20995 | Lair:5   | XOM: stat loss: -1 Dex (13/14)
 21033 | Lair:5   | XOM: summons friendly shadow imp
 21200 | Lair:5   | XOM: 5-stop teleportation journey
 21211 | Lair:5   | XOM: enchant monster (good)
 21285 | Lair:5   | Found a one-way gate to the infinite horrors of the Abyss.
 21285 | Lair:5   | Noticed Woat's ghost (journeyman DrFE)
 21327 | Lair:5   | XOM: confusion (+ monsters)
 21343 | Lair:5   | Reached skill level 10 in Armour
 21344 | Lair:5   | Found a transporter.
 21350 | Lair:5   | Found a transporter.
 21481 | Lair:5   | HP: 7/154 [large abomination (9)]
 21542 | Lair:5   | XOM: divination: detect creatures
 21579 | Lair:5   | XOM: silly message
 21900 | Lair:5   | XOM: enchant monster (bad)
 21967 | Lair:5   | Identified the +0 pair of gloves of the Shore {Int+4}
 22013 | Lair:5   | XOM: enchant monster (bad)
 22035 | Lair:5   | XOM: potion effect (haste)
 22196 | Lair:5   | Found a corrupted altar of Lugonu.
 22214 | Lair:5   | XOM: silly message
 22348 | Lair:5   | XOM: blink monster(s)
 22358 | Lair:5   | Reached XP level 15. HP: 92/109 MP: 0/0
 22358 | Lair:5   | Learned a level 6 spell: Death Channel
 22457 | Lair:5   | XOM: summons 3 hostile shadow creatures
 23110 | D:11     | Noticed Snorg
 23110 | D:11     | XOM: 5-stop teleportation journey
 23128 | D:11     | XOM: enchant monster (good)
 23132 | D:11     | XOM: smoke on damage
 23401 | D:11     | Killed Snorg
 23605 | D:11     | XOM: cloud trail
 23614 | D:11     | XOM: scenery: summon butterflies
 23646 | D:11     | XOM: polymorph butterfly -> river rat
 23805 | D:11     | Found a staircase to the Orcish Mines.
 23912 | D:11     | XOM: scenery: 1 doors open, 1 doors close
 23931 | D:11     | XOM: give mutations
 23931 | D:11     | Lost mutation: You are somewhat resistant to further
                  | mutation. [Xom's grace]
 23931 | D:11     | Gained mutation: You have hidden genetic potential. [Xom's
                  | grace]
 23931 | D:11     | Gained mutation: You are resistant to electric shocks.
                  | (rElec) [Xom's grace]
 23931 | D:11     | Gained mutation: You are completely covered in iridescent
                  | scales. (AC +6) [Xom's grace]
 23931 | D:11     | Gained mutation: You are robust. (+10% HP) [Xom's grace]
 24053 | Orc:1    | Entered Level 1 of the Orcish Mines
 24057 | Orc:1    | Reached skill level 10 in Spellcasting
 24057 | Orc:1    | Reached skill level 10 in Conjurations
 24057 | Orc:1    | Reached skill level 10 in Hexes
 24057 | Orc:1    | Reached skill level 10 in Summonings
 24057 | Orc:1    | Reached skill level 10 in Necromancy
 24057 | Orc:1    | Reached skill level 10 in Translocations
 24057 | Orc:1    | Reached skill level 10 in Transmutations
 24057 | Orc:1    | Reached skill level 10 in Fire Magic
 24057 | Orc:1    | Reached skill level 10 in Ice Magic
 24057 | Orc:1    | Reached skill level 10 in Air Magic
 24057 | Orc:1    | Reached skill level 10 in Earth Magic
 24057 | Orc:1    | Reached skill level 10 in Poison Magic
 24118 | Orc:1    | XOM: scenery: summon butterflies
 24351 | Orc:2    | Entered Level 2 of the Orcish Mines
 24457 | Orc:2    | XOM: fog
 24458 | Orc:2    | XOM: confuse monster(s)
 24478 | Orc:2    | XOM: enchant monster (good)
 24479 | Orc:2    | Noticed Nergalle
 24486 | Orc:2    | XOM: divination: detect creatures
 24496 | Orc:2    | Mangled by a spectral orc warlord

Illustrated notes

Levels and vault maps discovered:
D:1:      onia_arrival_handbag, layout_loops_ring,
          hellmonk_ecumenical_altar_leap_of_faith
D:2:      layout_loops_corners, serial_forest, infiniplex_forest_clump_diagonal,
          infiniplex_forest_clump_diagonal, infiniplex_forest_clump_small,
          infiniplex_forest_corner_1, infiniplex_forest_straight_4,
          infiniplex_forest_lined_corner, infiniplex_forest_straight_4,
          uniq_sigmund
D:3:      layout_loops_ring, minmay_hedge_maze
D:4:      layout_rooms, pf_just_have_faith, mainiacjoe_overflow_catwalk,
          minmay_temple_entry_sparse_star, gammafunk_ghost_nasty_kobolds,
          minmay_large_rounded_square
D:5:      minmay_recursive_quarters, layout_basic, gup_sewer_entry_glass,
          uniq_edmund, uniq_grinder
D:6:      layout_loops_cross, mainiacjoe_overflow_alcove_2,
          mainiacjoe_overflow_divided_tiny, mainiacjoe_overflow_surrounded_room,
          mainiacjoe_overflow_small_starburst, grunt_temple_overflow_open,
          serial_shops, nicolae_shop_advertising_works
          [nicolae_subvault_shop_adworks], serial_bayou_pond_b, grunt_tough_drop
D:7:      layout_loops_ring, general_overflow_altar
D:8:      layout_loops_corners, uniq_joseph
D:9:      layout_long_grid, grunt_temple_overflow_forces_of_nature,
          erik_lair_island, uniq_pikel
D:10:     layout_rooms, nicolae_tso_carved_into_rock, minivault_14, uniq_psyche
D:11:     layout_roguey, david_orc_4, uniq_snorg
Lair:1:   layout_cave_pods, nicolae_volcano_entry_vermiform, grunt_megastairs_2,
          infiniplex_staircase_pool
Lair:2:   layout_long_grid, spider_nest_entry_a, grunt_megastairs_4
Lair:3:   layout_gridlike, shoals_dummy_entry, st_stairs_10, minivault_23,
          grunt_forest_small_clearing_treed
Lair:4:   layout_regular_city, dpeg_slime_entry_corner
Lair:5:   hellmonk_lair_end_abyssal_woods, layout_regular_city,
          gammafunk_ghost_abyssal_escape, grunt_forest_large_clearings,
          lemuel_fruit_fields
Orc:1:    layout_caves
Orc:2:    grunt_orc_cross, layout_diamond_mine, serial_shops,
          nicolae_lakefront_shop, abandoned_shop

Skill      XL: |  1  2  3  4  5  6  7  8  9 10 11 12 13 14 15 |
---------------+----------------------------------------------+-----
Long Blades    | 3 4 5 6 7 8 10 11 | 11.6
Spellcasting   | 1 2 3 4 5 7 8 9 10 | 10.0
Conjurations   | 1 2 3 4 5 7 8 9 10 | 10.0
Hexes          | 1 2 3 4 5 7 8 9 10 | 10.0
Summonings     | 1 2 3 4 5 7 8 9 10 | 10.0
Necromancy     | 1 2 3 4 5 7 8 9 10 | 10.0
Translocations | 1 2 3 4 5 7 8 9 10 | 10.0
Transmutations | 1 2 3 4 5 7 8 9 10 | 10.0
Fire Magic     | 1 2 3 4 5 7 8 9 10 | 10.0
Ice Magic      | 1 2 3 4 5 7 8 9 10 | 10.0
Air Magic      | 1 2 3 4 5 7 8 9 10 | 10.0
Earth Magic    | 1 2 3 4 5 7 8 9 10 | 10.0
Poison Magic   | 1 2 3 4 5 7 8 9 10 | 10.0
Armour         | 2 3 4 5 6 7 8 9 10 | 10.3
Dodging        | 3 4 5 6 7 8 9 10 11 | 11.4
Fighting       | 4 5 6 7 8 9 10 | 10.8
Evocations     | 3 4 5 |  5.8

Action                     |  1- 3 |  4- 6 |  7- 9 | 10-12 | 13-15 || total
---------------------------+-------+-------+-------+-------+-------++-------
  Melee: Falchion          |   133 |   105 |   278 |       |       ||   516
         Punch             |     2 |     1 |     5 |     7 |     8 ||    23
         Long sword        |       |       |    71 |   306 |       ||   377
         Headbutt          |       |       |     4 |   114 |   151 ||   269
         Scimitar          |       |       |       |   214 |   693 ||   907
   Cast: Foxfire           |       |       |       |     1 |       ||     1
         Animate Armour    |       |       |       |       |     1 ||     1
  Evoke: Wand              |       |       |       |     1 |       ||     1
    Use: Potion            |       |       |     1 |       |     7 ||     8
         Scroll            |       |       |       |    10 |    10 ||    20
   Stab: Sleeping          |     2 |     1 |     3 |       |     1 ||     7
         Confused          |     1 |     1 |     1 |       |     2 ||     5
         Paralysed         |     1 |       |     1 |     4 |     2 ||     8
         Distracted        |       |       |     2 |       |       ||     2
         Invisible         |       |       |     4 |       |     3 ||     7
 Armour: Leather armour    |    87 |    36 |   115 |       |       ||   238
         Ring mail         |       |       |    62 |   279 |    85 ||   426
         Skin              |       |       |       |     2 |     2 ||     4
         Scale mail        |       |       |       |       |   364 ||   364
         Troll leather arm |       |       |       |       |    37 ||    37
  Dodge: Dodged            |    91 |    83 |   414 |   539 |   740 ||  1867
  Block: Other             |    23 |    23 |    74 |    99 |    52 ||   271

Table legend: (Time is in decaauts)
 A = Elapsed time spent in this place.
 B = Non-inter-level travel time spent in this place.
 C = Inter-level travel time spent in this place.
 D = Time resting spent in this place.
 E = Time spent auto-exploring this place.
 F = Levels seen in this place.
 G = Mean time per level.
                   A        B        C        D        E       F      G
               +--------+--------+--------+--------+--------+-----+--------+
         Total |  24474 |  23875 |    599 |   7046 |  12803 |  20 | 1223.7 |
       Dungeon |  15636 |  15288 |    348 |   5682 |   7488 |  11 | 1421.5 |
          Lair |   7426 |   7190 |    236 |   1227 |   4506 |   5 | 1485.2 |
  Orcish Mines |    431 |    416 |     15 |      0 |    310 |   2 |  215.5 |
         Sewer |    358 |    358 |      0 |      0 |    206 |   1 |  358.0 |
       Volcano |    621 |    621 |      0 |    137 |    293 |   1 |  621.0 |
               +--------+--------+--------+--------+--------+-----+--------+

Top non-repeatable levels by time:
     D:1: 5547 daAuts
  Lair:5: 2586 daAuts
  Lair:4: 1422 daAuts
  Lair:1: 1310 daAuts
     D:5: 1255 daAuts
    D:11: 1168 daAuts
  Lair:3: 1139 daAuts
     D:9: 1093 daAuts
     D:6: 1088 daAuts
     D:2: 1019 daAuts
    D:10: 988 daAuts
  Lair:2: 967 daAuts
     D:7: 949 daAuts
     D:8: 948 daAuts
     D:3: 926 daAuts
